 Dungeon Crawl Stone Soup version 0.29-a0-813-g4a14ea37d6 (webtiles) character file.

Game seed: 14119929896633984592

2 LynnLen the Vexing (level 1, 0/10 HPs)
             Began as a Vampire Enchanter on July 4, 2022.
             Slain by a jackal (1 damage)
             ... on level 1 of the Dungeon.
             The game lasted 00:01:06 (133 turns).

LynnLen the Vexing (Vampire Enchanter)               Turns: 133, Time: 00:01:06

Health: 0/10       AC:  2    Str:  7    XL:     1   Next: 33%
Magic:  3/3        EV: 12    Int: 17    God:
Gold:   12         SH:  0    Dex: 14    Spells: 4/4 levels left

rFire   . . .      SeeInvis +   d - +2 whip (venom)
rCold   + + .      Faith    .   (no shield)
rNeg    + + +      Spirit   .   b - +0 robe
rPois   ∞          Reflect  .   (no helmet)
rElec   .          Harm     .   (no cloak)
rCorr   .          Rampage  .   (no gloves)
Will    .....                   (no boots)
Stlth   +++++.....              (no amulet)
HPRegen 0.00/turn               (no ring)
MPRegen 0.08/turn               (no ring)

@: bloodless, inhibited regen
A: bloodless, fangs 3, see invisible, vampiric 1
a: Revivify


You were on level 1 of the Dungeon.
You visited 1 branch of the dungeon, and saw 1 of its levels.

You collected 12 gold pieces.

Inventory:

Hand Weapons
 a - a +1 dagger
 d - a +2 whip of venom (weapon)
Armour
 b - a +0 robe (worn)
Scrolls
 e - a scroll of identify {unknown}
Potions
 c - 2 potions of invisibility
 f - a potion of flight {unknown}


   Skills:
 + Level 1.1 Short Blades
 + Level 2.1 Dodging
 + Level 4.4 Stealth
 + Level 2.0 Spellcasting
 + Level 4.7 Hexes


You had 4 spell levels left.
You didn't know any spells.
Your spell library contained the following spells:

 Spells                   Type           Power      Damage    Failure   Level
 Confusing Touch          Hex            17%        N/A       9%          3
 Tukima's Dance           Hex            17%        N/A       9%          3
 Ensorcelled Hibernation  Hex/Ice        18%        N/A       11%         2
 Dazzling Flash           Conj/Hex       18%        N/A       22%         3


Dungeon Overview and Level Annotations

Branches:
Dungeon (1/15)

Altars:


Innate Abilities, Weirdness & Mutations

You do not regenerate when monsters are visible.
You are frail without blood (-20% HP).
You can heal yourself when you bite living creatures.
You are immune to poison.
You have razor-sharp teeth.
You have supernaturally acute eyesight. (SInv)
You are afflicted with vampirism.


Message History

f - a green potion
Found a robe and a bubbling green potion.
A kobold comes into view. It is wielding a +0 dagger.
You see here a +0 robe.
A goblin comes into view. It is wielding a +0 club.
You see here a +0 robe. 2 jackals come into view.
The jackal barks!
The jackal barks!
A jackal comes into view.
Your +2 whip of venom begins to drip with poison!
d - a +2 whip of venom (weapon)
You closely miss the jackal. You punch the jackal, but do no damage.
The jackal barely misses you.
You hit the jackal.
The jackal is poisoned.
The jackal is almost dead.
The jackal barely misses you.
The jackal bites you but does no damage.
The jackal bites you. The jackal barely misses you.
You closely miss the jackal. The jackal bites you.
The jackal barely misses you. x2
You hit the jackal.
The jackal is moderately wounded.
The jackal closely misses you. x2; The jackal bites you.
You hit the jackal.
The jackal is poisoned.
The jackal is almost dead.
The jackal bites you. x2
* * * LOW HITPOINT WARNING * * *
The jackal closely misses you.
The jackal bites you but does no damage.
You barely miss the jackal.
The jackal is almost dead.
You kill the jackal!
The jackal bites you but does no damage. x2
You closely miss the jackal.
You kill the jackal!
The jackal bites you.
* * * LOW HITPOINT WARNING * * *
The jackal bites you.
You die...

.##..#..##....###.#
..................#
###..##.##.##.....#
#.. #.##.##..... #.
#.##.##... ..
#.##.##.#
####.##.......# #
.........>...†###..###
##.........#..@h......
##.#######.##.########
##... #.##.#
#.....#####.##.#
....!....[..#...
......####..#..# .....
....#..# .g#.
..##..#..# # # #..
....


You could see a jackal.

Vanquished Creatures
  2 jackals (D:1)
  A quokka (D:1)
3 creatures vanquished.

Notes
Turn   | Place    | Note
-------+----------+-------------------------------------------
     0 | D:1      | LynnLen the Vampire Enchanter began the quest for the Orb.
     0 | D:1      | Reached XP level 1. HP: 13/13 MP: 3/3
   133 | D:1      | Slain by a jackal

Illustrated notes

Levels and vault maps discovered:
D:1:      erik_arrival_blinker_ship, layout_loops_ring, minivault_11,
          nrook_loot_triangle, dreamdust_princess_corridor, minmay_vboxes

Action                   || total
-------------------------++-------
Melee: Dagger            ||     9
       Whip              ||     7
       Punch             ||     1
       Bite              ||     1
 Abil: Exsanguinate      ||     1
Armor: Robe              ||     5
Dodge: Dodged            ||    14

Table legend: (Time is in decaauts)
 A = Elapsed time spent in this place.
 B = Non-inter-level travel time spent in this place.
 C = Inter-level travel time spent in this place.
 D = Time resting spent in this place.
 E = Time spent auto-exploring this place.
 F = Levels seen in this place.
 G = Mean time per level.
                   A        B        C        D        E       F      G
               +--------+--------+--------+--------+--------+-----+--------+
         Total |    131 |    131 |      0 |     16 |      0 |   1 |  131.0 |
       Dungeon |    131 |    131 |      0 |     16 |      0 |   1 |  131.0 |
               +--------+--------+--------+--------+--------+-----+--------+

Top non-repeatable levels by time:
     D:1: 131 daAuts
